 Dungeon Crawl Stone Soup version 0.17.0-24-gcfadda4 (webtiles) character file.

105688 Clownie the Unseen (level 16, -13/97 HPs)
             Began as an Octopode Berserker on Nov 17, 2015.
             Was a High Priest of Trog.
             Mangled by a spriggan rider
             ... wielding a +0 spear
              (24 damage)
             ... on level 1 of the Swamp.
             The game lasted 01:09:37 (31235 turns).

Clownie the Unseen (Octopode Berserker)            Turns: 31235, Time: 01:09:39

Health: -13/97     AC:  4    Str: 17    XL:     16   Next: 42%
Magic:  38/38      EV: 19    Int: 10    God:    Trog [*****.]
Gold:   652        SH:  0    Dex: 19    Spells: 0 memorised, 15 levels left

rFire  + . .     SeeInvis +     j - +4 short sword of Domination {vamp, rC+ MP+9 SInv Stlth+}
rCold  + + .     Clarity  .     R - +1 large shield
rNeg   + + .     SustAt   .     (helmet restricted)
rPois  +         Gourm    .     (no amulet)
rElec  .         Spirit   .     r - ring of stealth
rCorr  .         Warding  .     F - ring of flight
rMut   .         Stasis   .     V - ring of positive energy
MR     ++...                    y - ring of poison resistance
Stlth  ++++++....               X - ring of positive energy
                                N - ring of magical power
                                (no ring)
                                (no ring)

@: confused, exhausted, very slightly contaminated, slowed, invisible, very
slow, very resistant to hostile enchantments, very stealthy
A: almost no armour, amphibious, 8 rings, constrict 8, molten scales 1, yellow
scales 1, camouflage 1, agile 1, cold resistance 1, fire resistance 1, frail 1,
magic resistance 1, gelatinous body 1
a: Berserk, Trog's Hand, Brothers in Arms, Burn Spellbooks, Renounce Religion,
Evoke Flight


You were on level 1 of the Swamp.
You worshipped Trog.
Trog was extremely pleased with you.
You were very hungry.

You visited 4 branches of the dungeon, and saw 28 of its levels.
You visited 1 bazaar.
You also visited: Labyrinth, Sewer and Ossuary.

You collected 2676 gold pieces.
You spent 1341 gold pieces at shops.

Inventory:

Hand Weapons
 j - the +4 short sword of Domination (weapon) {vamp, rC+ MP+9 SInv Stlth+}
   (You bought it in a shop on level 4 of the Orcish Mines)

   It inflicts no extra harm, but heals its wielder somewhat when it strikes a
   living foe.
   It protects you from cold.
   It affects your magic capacity (+9).
   It lets you see invisible.
   It makes you more stealthy.
Armour
 R - a +1 large shield (worn)
Jewellery
 p - an uncursed amulet of resist mutation
 r - a ring of stealth (left tentacle)
 y - a ring of poison resistance (on tentacle)
 F - a ring of flight (right tentacle)
 N - a ring of magical power (on tentacle)
 V - a ring of positive energy (on tentacle)
 X - a ring of positive energy (on tentacle)
Wands
 d - a wand of paralysis (14)
 f - a wand of cold (7)
 k - a wand of teleportation (2)
 E - a wand of paralysis (14)
 H - a wand of digging (11)
 L - a wand of paralysis (24)
 P - a wand of lightning (1)
 Q - a wand of teleportation (3)
 S - a wand of draining (3)
 Y - a wand of digging (9)
Scrolls
 e - a scroll of silence {unknown}
 h - 3 scrolls of fear
 i - a scroll of magic mapping
 l - 14 scrolls of teleportation
 m - 2 scrolls of enchant armour
 o - 9 scrolls of remove curse
 q - a scroll of holy word
 v - 4 scrolls of blinking
 A - 3 scrolls of recharging
 B - a scroll of summoning
 K - 5 scrolls of enchant weapon
 M - 4 scrolls of fog
 T - 6 scrolls of identify
Potions
 b - 12 potions of curing
 c - 4 potions of magic
 s - 6 potions of might
 t - 2 potions of cancellation
 w - 7 potions of flight
 x - 7 potions of brilliance
 D - 7 potions of haste
 G - 5 potions of agility
 I - 4 potions of lignification
 J - 3 potions of berserk rage
 U - a potion of invisibility
Miscellaneous
 Z - a lamp of fire
Comestibles
 a - 7 bread rations
 g - 6 meat rations
 n - 2 slices of pizza
 z - 5 beef jerkies
 C - 23 fruits


   Skills:
 + Level 9.2 Fighting
 - Level 12.0 Short Blades
 - Level 11.0 Dodging
 - Level 16.0 Stealth
 - Level 15.0 Shields
 - Level 11.2 Unarmed Combat
 - Level 6.1 Evocations


You had 15 spell levels left.
You didn't know any spells.

Dungeon Overview and Level Annotations

Branches:
Dungeon (15/15)            Temple (0/1) D:5            Lair (8/8) D:8
  Swamp (1/4) Lair:6        Snake (0/4) Lair:4        Slime (0/6) Lair:6
    Orc (4/4) D:12            Elf (0/3) Orc:3        Vaults (0/5) D:14
 Depths (0/5) D:15

Altars:
Dithmenos
Fedhas
Gozag
Nemelex Xobeh
Okawaru
Ru
Sif Muna
Trog
Vehumet
Yredelemnul
Beogh

Shops:
D:14 ?   Orc:4 *[(:(

Annotations:
D:3 Clownie's ghost, amateur OpBe


Innate Abilities, Weirdness & Mutations

You cannot wear most types of armour.
You are amphibious.
You can wear up to eight rings at the same time.
You can use your tentacles to constrict eight enemies at once.
Your skin changes colour to match your surroundings (Stealth).
Your rubbery body absorbs attacks (AC +1).
You are partially covered in molten scales (AC +1).
You are partially covered in yellow scales (AC +2).
You are agile. (Dex +2)
Your flesh is cold resistant.
Your flesh is heat resistant.
You are frail (-10% HP).
You are resistant to hostile enchantments.


Message History

You fade into invisibility!
You constrict the wasp. You block the wasp's attack.
You block the spriggan rider's attack. The spriggan rider barely misses you.
The wasp misses you. You block the spriggan rider's attack.
You are very lightly contaminated with residual magic.
A vampire mosquito comes into view.
You release your grip on the wasp.
You block the spriggan rider's attack.
The spriggan rider hits you from afar with a spear!
* * * LOW HITPOINT WARNING * * *
The vampire mosquito barely misses you. 2 vampire mosquitoes come into view.
Drink which item? (? for menu, Esc to quit)
You are confused.
You feel invigorated.
The vampire mosquito completely misses you.
The wasp closely misses you. The spriggan rider misses you.
The vampire mosquito bites you!
* * * LOW HITPOINT WARNING * * *
The spriggan rider hits you from afar with a spear!!
You die...

≈≈♣♣ ♣≈≈≈≈≈≈≈.≈≈....≈♣.
..≈♣ ♣≈≈≈≈≈≈≈?≈≈.....≈.
≈.≈♣ ♣.≈§......♣≈..≈...
≈≈.♣♣ ♣♣≈♣♣.......≈≈§y..
≈≈.≈♣♣♣♣.≈♣[≈≈≈≈(≈≈≈≈...
..≈....≈§♣♣}≈≈≈≈≈≈y≈≈≈.♣
♣♣♣.≈≈.♣♣♣♣♣....i≈i≈≈.♣
≈≈..≈≈≈♣ ♣.....y†≈y§.♣
≈..≈≈≈.♣ ♣.≈≈≈.@y.≈≈.♣
≈.≈≈≈≈.♣ ♣.≈≈≈≈...≈≈≈.≈
.≈≈≈..≈♣♣♣♣♣♣≈.†..≈≈≈≈≈.
≈≈≈≈.♣♣.).≈♣♣≈≈$.≈≈≈≈≈≈.
≈≈≈≈.≈..≈≈.♣♣≈..≈≈≈≈≈♣≈≈
......≈≈≈≈(♣♣♣≈.≈≈≈≈≈≈≈≈
≈≈...≈≈≈≈≈.♣ ♣♣≈♣≈.≈≈...
....≈≈≈≈≈≈.♣♣ ♣♣♣♣♣.....
....≈≈≈≈≈≈≈.♣ .≈≈


You could see 2 spriggan riders, 4 vampire mosquitoes and a wasp.

Vanquished Creatures
  Kirke (Lair:6)
  Maud (Lair:3)
  A fire giant (D:15)
  Erolcha (Orc:3)
  Josephine (D:11)
  Fannar (D:10)
  Harold (Orc:2)
  10 hydras
  2 centaur warriors
  A catoblepas (Lair:8)
  2 alligators (Swamp:1)
  3 death yaks (Lair:8)
  2 orc high priests (Orc:4)
  Urug (Orc:2)
  Nergalle (Lair:4)
  An unseen horror (D:15)
  An orange crystal statue (D:14)
  5 orc knights
  7 hill giants
  2 griffons
  An orc sorcerer (Orc:3)
  3 oklob plants (Lair:3)
  3 black mambas
  8 ugly things
  21 elephants
  4 cyclopes
  Maurice (Orc:2)
  Joseph (Lair:1)
  A naga mage (Lair:5)
  2 gargoyles
  12 komodo dragons
  20 spiny frogs
  A kobold demonologist (D:14)
  A fire drake (Lair:6)
  7 trolls
  19 blink frogs
  A freezing wraith (D:15)
  2 spriggan druids
  8 polar bears (Lair:8)
  A bog body (Swamp:1)
  3 two-headed ogres
  2 shadows
  2 trapdoor spider zombies
  8 slime creatures
  5 redbacks (Lair:8)
  3 wraiths
  3 basilisks
  12 spriggans
  2 deep elf magi
  A wyvern (D:15)
  9 hippogriffs
  A hog (Lair:6)
  A steam dragon (Lair:5)
  Grum (D:9)
  39 yaks
  3 nagas (Lair:4)
  3 hungry ghosts
  10 vampire mosquitoes
  2 soldier ants
  28 wolves
  5 wargs
  10 swamp worms
  13 water moccasins
  A mottled dragon (D:15)
  6 porcupines
  A boggart (D:15)
  28 orc warriors
  2 eyes of draining
  4 wasps
  5 black bears
  4 phantoms
  2 necrophages (D:13)
  7 ogres
  12 centaurs
  14 giant frogs
  2 crocodiles
  A brain worm (D:15)
  3 scorpions
  2 killer bees
  6 electric eels
  7 wights
  9 crimson imps
  3 giant frog zombies
  2 quasits (D:11)
  2 centaur zombies
  4 jellies
  4 human zombies (D:13)
  41 orc wizards
  3 centaur skeletons
  A giant frog skeleton (D:5)
  38 orc priests
  6 hounds
  A human skeleton (D:13)
  4 iguanas
  A siren (Sewer)
  9 worker ants
  A killer bee zombie (D:6)
  A merfolk avatar (Sewer)
  15 sheep
  An ogre zombie (D:13)
  2 hound skeletons
  13 mummies
  A worker ant zombie (D:10)
  Robin (D:2)
  23 river rats
  16 adders
  6 shadow imps
  3 oozes
  An adder zombie (D:5)
  An adder skeleton (D:4)
  4 worms
  9 giant geckos
  223 orcs
  4 ball pythons
  18 goblins
  12 hobgoblins
  13 jackals
  3 quokkas
  12 bats
  13 giant cockroaches
  A giant cockroach zombie (D:5)
  9 giant newts
  3 goblin skeletons (Ossuary)
  3 kobolds
  3 kobold skeletons (Ossuary)
  3 orc skeletons
  An orc zombie (D:13)
  A quokka skeleton (D:9)
  31 rats
  11 rat skeletons (Ossuary)
  A plant (Lair:1)
1026 creatures vanquished.

Vanquished Creatures (collateral kills)
  Rupert (Orc:2)
  An orc warlord (Orc:4)
  Snorg (Orc:1)
  A minotaur (Lab)
  A death yak (Lair:8)
  A tengu warrior (D:13)
  An orc knight (Orc:4)
  2 orc sorcerers (Orc:4)
  A naga mage (Lair:5)
  A komodo dragon (Lair:5)
  A tengu conjurer (D:13)
  A fire drake (Lair:5)
  A troll (D:10)
  3 wraiths (D:11)
  21 yaks
  2 basilisks (D:8)
  A soldier ant (D:13)
  A warg (Orc:4)
  7 porcupines
  7 orc warriors
  A necrophage (D:9)
  A centaur (D:9)
  2 crocodiles
  A big kobold (D:8)
  19 killer bees
  2 centaur zombies
  A hound (D:8)
  An orc wizard (Orc:4)
  A jelly (D:9)
  An iguana (Lair:5)
  3 orc priests
  5 sheep (Lair:4)
  A hound skeleton (D:9)
  2 river rats (D:8)
  10 orcs
  A kobold (D:8)
  2 jackals (D:6)
110 creatures vanquished.

Vanquished Creatures (others)
  A merfolk (Lair:5)
  A human (Lair:6)
  A yak (Lair:5)
  An orc wizard (D:12)
  2 fungi (Lair:8)
  2 plants (Lair:8)
8 creatures vanquished.

Grand Total: 1144 creatures vanquished

Notes
Turn   | Place    | Note
--------------------------------------------------------------
     0 | D:1      | Clownie the Octopode Berserker began the quest for the Orb.
     0 | D:1      | Reached XP level 1. HP: 16/16 MP: 1/1
   196 | D:1      | Reached XP level 2. HP: 21/21 MP: 2/2
   320 | D:1      | Reached skill level 4 in Unarmed Combat
   373 | D:1      | Reached ** piety under Trog
   442 | D:1      | Reached XP level 3. HP: 26/26 MP: 3/3
   750 | D:2      | Reached skill level 1 in Shields
   754 | D:2      | Noticed Robin
   768 | D:2      | Killed Robin
   969 | D:2      | Reached XP level 4. HP: 21/31 MP: 4/4
  1507 | D:2      | Found an opulent altar of Gozag.
  1665 | D:2      | Reached *** piety under Trog
  1803 | D:3      | Reached XP level 5. HP: 36/36 MP: 5/5
  1882 | D:3      | Found a basalt altar of Yredelemnul.
  1886 | D:3      | Noticed Clownie's ghost (amateur OpBe)
  1935 | D:3      | Found a glowing drain.
  1936 | D:3      | Reached **** piety under Trog
  1942 | Sewer    | Entered a sewer
  2031 | Sewer    | Reached XP level 6. HP: 14/42 MP: 6/6
  2226 | Sewer    | Reached skill level 5 in Unarmed Combat
  2301 | Sewer    | Reached ***** piety under Trog
  2329 | Sewer    | Noticed a drowned soul
  2329 | Sewer    | Noticed a drowned soul
  2331 | Sewer    | Noticed a drowned soul
  2334 | Sewer    | Noticed a drowned soul
  2335 | Sewer    | Noticed a drowned soul
  2518 | D:3      | Noticed a centaur
  2552 | D:3      | Killed a centaur
  2552 | D:3      | Reached skill level 6 in Unarmed Combat
  2961 | D:3      | Reached XP level 7. HP: 40/46 MP: 7/7
  3176 | D:3      | Noticed an orc warrior
  3183 | D:3      | Killed an orc warrior
  3185 | D:3      | Reached skill level 7 in Unarmed Combat
  3257 | D:3      | Found an iron altar of Okawaru.
  3258 | D:3      | Found a sparkling altar of Nemelex Xobeh.
  3258 | D:3      | Found a radiant altar of Vehumet.
  3263 | D:3      | Found a sacrificial altar of Ru.
  3882 | D:5      | Entered Level 5 of the Dungeon
  4096 | D:5      | Received a gift from Trog
  4106 | D:5      | Found a staircase to the Ecumenical Temple.
  4319 | D:5      | Reached skill level 8 in Unarmed Combat
  4456 | D:6      | Reached XP level 8. HP: 48/52 MP: 8/8
  4477 | D:6      | Found a bloodstained altar of Trog.
  4607 | D:6      | Reached skill level 5 in Dodging
  4964 | D:6      | Found a deep blue altar of Sif Muna.
  5383 | D:7      | Reached XP level 9. HP: 56/56 MP: 9/9
  5627 | D:7      | Gained mutation: You are partially covered in large bone plates (AC +2, SH +2). [potion of mutation]
  5627 | D:7      | Gained mutation: You evolve. [potion of mutation]
  5627 | D:7      | Gained mutation: You are partially covered in molten scales (AC +1). [potion of mutation]
  5628 | D:7      | Gained mutation: Your mind is acute. (Int +2) [potion of beneficial mutation]
  6156 | D:8      | Reached skill level 9 in Dodging
  6191 | D:8      | Reached skill level 10 in Dodging
  6231 | D:8      | Found a staircase to the Lair.
  6236 | D:8      | Reached skill level 11 in Dodging
  6236 | D:8      | Reached XP level 10. HP: 22/63 MP: 10/10
  6268 | D:8      | Found a shadowy altar of Dithmenos.
  6410 | D:8      | Found a sand-covered staircase.
  6418 | Ossuary  | Entered an ossuary
  6858 | Ossuary  | Reached skill level 5 in Fighting
  7129 | D:8      | Found a blossoming altar of Fedhas.
  7387 | D:9      | Reached skill level 1 in Stealth
  7436 | D:9      | Reached skill level 5 in Stealth
  7443 | D:9      | Reached ****** piety under Trog
  7898 | D:9      | Noticed a hill giant
  7906 | D:9      | Killed a hill giant
  8222 | D:9      | Noticed Grum
  8237 | D:9      | Reached skill level 10 in Stealth
  8237 | D:9      | Reached XP level 11. HP: 59/72 MP: 11/11
  8242 | D:9      | Killed Grum
  8346 | D:10     | Entered Level 10 of the Dungeon
  8418 | D:10     | Received a gift from Trog
  8756 | D:10     | Noticed Fannar
  8775 | D:10     | Killed Fannar
  8775 | D:10     | Reached skill level 10 in Unarmed Combat
  9164 | D:11     | Found a labyrinth entrance.
  9168 | Lab      | Entered a labyrinth
  9190 | Lab      | Gained mutation: You are partially covered in yellow scales (AC +2). [evolution]
  9763 | Lab      | Noticed a minotaur
  9780 | Lab      | Killed a minotaur
 10097 | D:11     | Noticed Josephine
 10104 | D:11     | Reached skill level 1 in Evocations
 10116 | D:11     | Killed Josephine
 10121 | D:11     | HP: 3/72 [wraith[Josephine] (9)]
 10453 | D:11     | Reached skill level 5 in Evocations
 10657 | D:11     | Reached XP level 12. HP: 79/79 MP: 16/16
 10877 | D:11     | Received a gift from Trog
 10883 | D:11     | Reached skill level 5 in Shields
 11214 | D:12     | Found a staircase to the Orcish Mines.
 11905 | D:13     | Noticed a tengu warrior
 11913 | D:13     | Killed a tengu warrior
 11939 | D:13     | Found a flickering gateway to a bazaar.
 11975 | Bazaar   | Entered a bazaar
 11975 | Bazaar   | Found Egyt's Antique Armour Shop.
 11978 | Bazaar   | Found Ilogylee's Book Shoppe.
 11991 | Bazaar   | Found Soigeiro's Antique Weapon Emporium.
 12016 | Bazaar   | Found Enocot's Distillery.
 12024 | Bazaar   | Bought a potion of heal wounds for 55 gold pieces
 12024 | Bazaar   | Bought a potion of curing for 33 gold pieces
 12024 | Bazaar   | Bought a potion of invisibility for 88 gold pieces
 12024 | Bazaar   | Bought a potion of agility for 44 gold pieces
 12024 | Bazaar   | Found Irubb's Armour Boutique.
 12040 | Bazaar   | Bought a potion of ambrosia for 88 gold pieces
 12040 | Bazaar   | Bought a potion of poison for 11 gold pieces
 13007 | D:13     | Received a gift from Trog
 13346 | D:13     | Found a basalt altar of Yredelemnul.
 13630 | D:8      | Got a crystal falchion
 13736 | Orc:1    | Entered Level 1 of the Orcish Mines
 13821 | Orc:1    | Noticed Snorg
 13836 | Orc:1    | Killed Snorg
 13836 | Orc:1    | Reached skill level 10 in Shields
 14516 | Orc:2    | Noticed Urug
 14519 | Orc:2    | Noticed Harold
 14535 | Orc:2    | Killed Urug
 14547 | Orc:2    | Killed Harold
 14547 | Orc:2    | Received a gift from Trog
 14547 | Orc:2    | Reached XP level 13. HP: 83/83 MP: 17/17
 14549 | Orc:2    | Got an ichor-stained lajatang {god gift}
 14648 | Orc:2    | Identified the +3 lajatang of the Candelabrum {slice, +Blink +Inv MR+ Int+4} (Trog gifted it to you on level 2 of the Orcish Mines)
 15115 | Orc:1    | Received a gift from Trog
 15560 | Orc:3    | Gained mutation: Your flesh is cold resistant. [evolution]
 15624 | Orc:3    | Reached skill level 5 in Short Blades
 15710 | Orc:3    | Found a staircase to the Elven Halls.
 16132 | Orc:3    | Found a roughly hewn altar of Beogh.
 16258 | Orc:3    | Received a gift from Trog
 16266 | Orc:3    | Got a translucent rapier {god gift}
 16267 | Orc:3    | Identified the +2 rapier of the Evening {freeze, rC++} (Trog gifted it to you on level 3 of the Orcish Mines)
 16301 | Orc:3    | Noticed Erolcha
 16311 | Orc:3    | Killed Erolcha
 16551 | Orc:4    | Entered Level 4 of the Orcish Mines
 16606 | Orc:2    | Noticed Maurice
 16618 | Orc:2    | Noticed Rupert
 16620 | Orc:2    | Killed Maurice
 16636 | Orc:2    | Killed Rupert
 16738 | Orc:2    | Found a roughly hewn altar of Beogh.
 17013 | Orc:4    | Found a roughly hewn altar of Beogh.
 17318 | Orc:4    | Found Upsoiz's Book Shoppe.
 17362 | Orc:4    | Received a gift from Trog
 17546 | Orc:4    | Found a roughly hewn altar of Beogh.
 17585 | Orc:4    | Noticed an orc warlord
 17591 | Orc:4    | Found Waass's Antique Weapon Emporium.
 17776 | Orc:4    | Killed an orc warlord
 17982 | Orc:4    | Received a gift from Trog
 18144 | Orc:4    | Found Raggaibb's Antique Armour Shoppe.
 18145 | Orc:4    | Found a roughly hewn altar of Beogh.
 18280 | Orc:4    | Found a roughly hewn altar of Beogh.
 18282 | Orc:4    | Found Uzucehy's Weapon Shoppe.
 18298 | Orc:4    | Reached skill level 10 in Short Blades
 18451 | Orc:4    | Bought the +4 short sword of Domination {vamp, rC+ MP+9 SInv Stlth+} for 750 gold pieces
 18590 | Orc:4    | Found a roughly hewn altar of Beogh.
 18590 | Orc:4    | Found Uniblaem's Assorted Antiques.
 18833 | Lair:1   | Entered Level 1 of the Lair of Beasts
 19139 | Lair:1   | Noticed Joseph
 19153 | Lair:1   | Killed Joseph
 19710 | Lair:2   | Received a gift from Trog
 19926 | Lair:2   | Reached XP level 14. HP: 63/90 MP: 18/18
 20749 | Lair:3   | Reached skill level 12 in Short Blades
 20906 | Lair:3   | Noticed Maud
 20916 | Lair:3   | Killed Maud
 21443 | Lair:4   | Found a staircase to the Snake Pit.
 21647 | Lair:4   | Noticed Nergalle
 21650 | Lair:4   | Killed Nergalle
 22073 | Lair:4   | Reached skill level 13 in Stealth
 22465 | Lair:4   | Received a gift from Trog
 22619 | Lair:4   | Hired Alumul the naga for 149 gold.
 22991 | Lair:5   | Reached skill level 14 in Stealth
 23219 | Lair:5   | Received a gift from Trog
 23378 | Lair:5   | Hired Fohaveol the naga for 173 gold.
 23382 | Lair:5   | Drew Focus: Str increased to 17, Int decreased to 9
 23386 | Lair:5   | Hired Virhyfuu the merfolk for 341 gold.
 23844 | Lair:5   | Your ally Virhyfuu died
 24537 | Lair:6   | Reached skill level 15 in Stealth
 24923 | Lair:6   | Noticed Kirke
 24931 | Lair:6   | Found a staircase to the Slime Pits.
 24935 | Lair:6   | Killed Kirke
 24936 | Lair:6   | Reached skill level 16 in Stealth
 25565 | Lair:6   | Reached XP level 15. HP: 94/94 MP: 19/19
 25602 | Lair:6   | Found a staircase to the Swamp.
 25793 | Lair:7   | Lost mutation: Your mind is acute. (Int +2) [potion of mutation]
 25793 | Lair:7   | Gained mutation: You are agile. (Dex +2) [potion of mutation]
 25793 | Lair:7   | Gained mutation: You are frail (-10% HP). [potion of mutation]
 26488 | Lair:8   | Entered Level 8 of the Lair of Beasts
 26495 | Lair:8   | Received a gift from Trog
 28262 | D:14     | Found a runed door.
 28381 | D:14     | Received a gift from Trog
 28421 | D:14     | Gained mutation: Your flesh is heat resistant. [mutagenic meat]
 28424 | D:14     | Lost mutation: You are partially covered in large bone plates (AC +2, SH +2). [mutagenic meat]
 28425 | D:14     | Lost mutation: You evolve. [mutagenic meat]
 28426 | D:14     | Gained mutation: You are very agile. (Dex +4) [mutagenic meat]
 28496 | D:14     | Found a runed door.
 28505 | D:14     | Found a runed door.
 28512 | D:14     | Found a runed door.
 28763 | D:14     | Found a gate to the Vaults.
 28882 | D:14     | Found Daipa's Magic Scroll Shoppe.
 28885 | D:14     | Bought a scroll of blinking for 120 gold pieces
 28885 | D:14     | Bought a scroll of summoning for 152 gold pieces
 29236 | D:15     | Entered Level 15 of the Dungeon
 29364 | D:15     | Reached XP level 16. HP: 89/89 MP: 20/20
 29501 | D:15     | Reached skill level 15 in Shields
 29593 | D:15     | Lost mutation: You are very agile. (Dex +4) [potion of mutation]
 29637 | D:15     | Gained mutation: You are resistant to hostile enchantments. [mutagenic meat]
 29679 | D:15     | Found a staircase to the Depths.
 29679 | D:15     | Noticed a fire giant
 29686 | D:15     | Killed a fire giant
 29842 | D:15     | Received a gift from Trog
 30646 | Swamp:1  | Entered Level 1 of the Swamp
 31235 | Swamp:1  | Mangled by a spriggan rider

Action                   |  1- 3 |  4- 6 |  7- 9 | 10-12 | 13-15 | 16-18 || total
-------------------------+-------+-------+-------+-------+-------+-------++-------
Melee: Unarmed           |    63 |   179 |   229 |   618 |       |       ||  1089
       Short sword       |       |       |       |    22 |  1435 |   239 ||  1696
       Rapier            |       |       |       |       |   256 |       ||   256
Invok: Berserk           |     1 |     4 |     8 |    16 |    32 |     5 ||    66
       Trog's Hand       |       |     2 |     2 |     3 |    10 |       ||    17
       Burn Spellbooks   |       |     1 |     1 |     2 |     3 |     1 ||     8
       Brothers in Arms  |       |       |     4 |    10 |     5 |       ||    19
 Abil: Evoke Flight      |       |       |       |       |       |     1 ||     1
Evoke: Deck              |       |       |       |       |    16 |       ||    16
  Use: Scroll            |       |     5 |     8 |     6 |    11 |       ||    30
       Potion            |       |       |     3 |     4 |     2 |     4 ||    13
 Stab: Sleeping          |     5 |    25 |    13 |    52 |   110 |    13 ||   218
       Distracted        |       |       |       |     5 |     4 |       ||     9
       Invisible         |       |       |       |       |     1 |       ||     1
  Eat: Chunk             |     1 |    10 |    21 |    38 |    82 |    13 ||   165
       Fruit             |       |       |       |     2 |     2 |       ||     4
       Royal jelly       |       |       |       |     1 |       |       ||     1
       Beef jerky        |       |       |       |     2 |     1 |       ||     3
       Meat ration       |       |       |       |       |     1 |       ||     1
       Pizza             |       |       |       |       |     2 |       ||     2
